 Dungeon Sprint DCSS version 0.21.1-1-g345015f (webtiles) character file.

956 Psiloshibe the Fencer (level 10, -5/92 HPs)
             Began as a Barachi Berserker on June 24, 2018.
             Was a High Priest of Trog.
             Slain by a catoblepas (20 damage)
             ... in the Dungeon (Sprint VI: "Thunderdome").
             The game lasted 00:11:05 (894 turns).

Psiloshibe the Fencer (Barachi Berserker)            Turns: 894, Time: 00:11:06

Health: -5/92      AC: 11    Str: 27    XL:     10   Next: 61%
Magic:  12/12      EV: 14    Int:  7    God:    Trog [*****.]
Gold:   786        SH:  0    Dex: 11    Spells: 9/9 levels left

rFire    . . .     SeeInvis .   a - +2 scimitar (flame)
rCold    + . .     Gourm    .   (no shield)
rNeg     + . .     Faith    .   r - +2 scale mail {rF+}
rPois    .         Spirit   .   (no helmet)
rElec    +         Reflect  .   (no cloak)
rCorr    .         Harm     .   (no gloves)
MR       .....     NoTele   +   (no boots)
Stlth    ++........             p - amulet of Temptation {rElec rN+ Regen+}
HPRegen  0.65/turn              n - ring of New Discoveries {Ice Str+4}
MPRegen  0.13/turn              o - ring of the Mutiny {+Fly Stlth+}

@: studying Dodging, slow
A: +LOS, swims, slowness 1, strong legs 1
}: 1/15 runes: decaying
a: Hop, Berserk, Trog's Hand, Brothers in Arms, Burn Spellbooks, Renounce
Religion, Evoke Flight


You were in the Dungeon.
You worshipped Trog.
Trog was extremely pleased with you.
You were not hungry.

You visited 1 branch You collected 1150 gold pieces.
You spent 364 gold pieces at shops.

Inventory:

Hand Weapons
 a - a +2 scimitar of flaming (weapon)
 b - a +0 falchion
Missiles
 c - 3 exploding tomahawks
 q - 2 javelins of returning (quivered)
 s - 8 tomahawks of returning
Armour
 r - a +2 scale mail of fire resistance (worn)
Jewellery
 n - the ring of New Discoveries (left hand) {Ice Str+4}
   (You bought it in a shop in the Dungeon)

   [ring of ice]

   It enhances your ice magic.
   It affects your strength (+4).
   It makes you vulnerable to fire.
   It protects you from cold.
 o - the ring of the Mutiny (right hand) {+Fly Stlth+}
   (You bought it in a shop in the Dungeon)

   [ring of flight]

   It lets you fly.
   It makes you more stealthy.
 p - the amulet of Temptation (around neck) {rElec rN+ Regen+}
   (You bought it in a shop in the Dungeon)

   [amulet of regeneration]

   It insulates you from electricity.
   It protects you from negative energy.
   It increases your rate of regeneration.
Wands
 k - a wand of acid (4)
 l - a wand of iceblast (4)
 t - a wand of random effects (41)
Scrolls
 i - 4 scrolls of blinking
 m - 3 scrolls of fog
Potions
 e - 4 potions of heal wounds
 f - 4 potions of haste
 g - 2 potions of magic
 h - a potion of berserk rage
 j - a potion of resistance
 u - 3 potions of curing
Books
 d - a manual of Dodging
Comestibles
 v - 2 rations
 w - 11 chunks of flesh


   Skills:
 * Level 13.5 Fighting
 * Level 15.1 Long Blades
 * Level 9.9 Throwing
 * Level 12.7 Armour
 + Level 8.2 Dodging
 + Level 2.5 Stealth
 + Level 1.6 Unarmed Combat
 + Level 2.8 Evocations


You had 9 spell levels left.
You didn't know any spells.

Dungeon Overview and Level Annotations

Branches:
Dungeon (1/1)

Altars:
Cheibriados
Dithmenos
Fedhas
Gozag
Kikubaaqudgha
Makhleb
Okawaru
Qazlal
Ru
Sif Muna
Trog
Uskayaw
Vehumet
Wu Jian
Xom
Yredelemnul
Zin
The Shining One
Beogh
Jiyva
Lugonu

Shops:
D *[%??*?*:[((!!!!


Innate Abilities, Weirdness & Mutations

Shadows flee at your approach. (+LOS)
You can swim through water.
You cover ground slowly.
You can hop short distances.


Message History

Your ogre is engulfed in calcifying dust.
Unknown command.
Unknown command.
Your ogre is no longer berserk.
The catoblepas breathes a plume of calcifying dust at you.
The blast of calcifying dust hits you!
* * * LOW HITPOINT WARNING * * *
Your ogre is engulfed in calcifying dust.
Your ogre is engulfed in calcifying dust.
The catoblepas gores you.
* * * LOW HITPOINT WARNING * * *
You hit the catoblepas. You burn the catoblepas.
The catoblepas is almost dead.
The catoblepas misses you.
You barely miss the catoblepas.
The catoblepas is severely wounded.
You hit the catoblepas but do no damage.
The catoblepas is severely wounded.
The catoblepas gores you!!
You die...

##........(....###.)...........
#⌠...)....).###...###..........
#⌠..........# #.<.# #..........
#⌠..........###...###..........
##............†###.............
###∩......(.8†# #.8........∩##
##∩_._.....§###)([...___∩##
######.8.Y§§§§§§.8.######
#⌠.O.@.......⌠# ###.........###
#_........# #_..%...._#
#_......._# #∩.......∩#
##∩.....∩## ##.....## ##⌠⌠⌠##


You could see a catoblepas and a friendly ogre (petrified).

Vanquished Creatures
  A gargoyle (D)
  A komodo dragon (D)
  An efreet (D)
  A bog body (D)
  4 fire elementals (D)
  2 fire bats (D)
  A yak (D)
  A water moccasin (D)
  A porcupine (D)
  A wolf (D)
  A crocodile (D)
  A big kobold (D)
  A bullfrog (D)
  An earth elemental (D)
  7 vampire bats (D)
  2 iron imps (D)
  Ijyb (D)
  Terence (D)
  A worker ant (D)
  An adder (D)
  A goblin (D)
  2 hobgoblins (D)
  A quokka (D)
  A kobold (D)
36 creatures vanquished.

Vanquished Creatures (collateral kills)
  A spiny frog (D)
  An earth elemental (D)
  An iron imp (D)
3 creatures vanquished.

Vanquished Creatures (others)
  A wizard (D)
1 creature vanquished.

Grand Total: 40 creatures vanquished

Notes
Turn   | Place    | Note
-------+----------+-------------------------------------------
     0 | D        | Psiloshibe the Barachi Berserker began the quest for the Orb.
     0 | D        | Reached XP level 1. HP: 18/18 MP: 1/1
     0 | D        | Found a shadowy altar of Dithmenos.
     3 | D        | Found a burning altar of Makhleb.
     3 | D        | Found a radiant altar of Vehumet.
     4 | D        | Found a hide-covered altar of Uskayaw.
     4 | D        | Found a viscous altar of Jiyva.
     4 | D        | Found a bloodstained altar of Trog.
     5 | D        | Found a roughly hewn altar of Beogh.
     5 | D        | Found a stormy altar of Qazlal.
     5 | D        | Round 1.
     6 | D        | Found Pilest's Delicious Food.
     6 | D        | Found a sacrificial altar of Ru.
     6 | D        | Found Ryosul's Identification Station.
     6 | D        | Found a corrupted altar of Lugonu.
     7 | D        | Found Ceosajy's Jewellery.
     7 | D        | Found Uchodgh's Advanced Armour.
     7 | D        | Found an opulent altar of Gozag.
     7 | D        | Found a deep blue altar of Sif Muna.
     7 | D        | Noticed Terence
    16 | D        | Bought a vibrating steel ring for 45 gold pieces
    16 | D        | Bought a glittering bronze ring for 45 gold pieces
    16 | D        | Bought a twitching emerald amulet for 45 gold pieces
    16 | D        | Identified the amulet of Temptation {rElec rN+ Regen+} (You bought it in a shop in the Dungeon)
    17 | D        | Identified the ring of New Discoveries {Ice Str+4} (You bought it in a shop in the Dungeon)
    18 | D        | Identified the ring of the Mutiny {+Fly Stlth+} (You bought it in a shop in the Dungeon)
    31 | D        | Noticed a worker ant
    33 | D        | Killed Terence
    33 | D        | Reached skill level 5 in Fighting
    33 | D        | Reached skill level 5 in Long Blades
    33 | D        | Reached XP level 2. HP: 10/27 MP: 2/2
    33 | D        | Reached XP level 3. HP: 12/33 MP: 3/3
    37 | D        | Reached ** piety under Trog
    68 | D        | Found Doinwu's Magic Scroll Shop.
    69 | D        | Found Habacria's Magic Scroll Shop.
    69 | D        | Found Hoin Wieqo's Must-Have Magic.
    70 | D        | Found Utocimm's Staff Store.
    76 | D        | Found a shimmering altar of Xom.
    79 | D        | Arena points: 12 (+12) [x2]
    79 | D        | Reached XP level 4. HP: 40/40 MP: 4/4
    80 | D        | Found an iron altar of Okawaru.
    94 | D        | Found an ancient bone altar of Kikubaaqudgha.
    96 | D        | Found an ornate altar of the Wu Jian Council.
    97 | D        | Found Touq's Premium Goods.
    97 | D        | Found Getosain's Miscellaneous Merchandise.
    97 | D        | Found Reoruc's Basic Armour.
    98 | D        | Found a blossoming altar of Fedhas.
    98 | D        | Found a glowing golden altar of the Shining One.
    98 | D        | Found Myxzyid's Weapon Rack.
   102 | D        | Found a basalt altar of Yredelemnul.
   104 | D        | Found a glowing silver altar of Zin.
   105 | D        | Found a snail-covered altar of Cheibriados.
   106 | D        | Found Tuotzasi's Do-It-Yourself Clinic.
   106 | D        | Found Digeo's Bottled Wisdom.
   106 | D        | Found Kuduoghu's Distillery.
   107 | D        | Found Ixaegumo's Distillery.
   125 | D        | Round 2.
   126 | D        | Noticed Ijyb
   133 | D        | Killed Ijyb
   133 | D        | Reached skill level 6 in Long Blades
   142 | D        | Reached *** piety under Trog
   160 | D        | Noticed a big kobold
   177 | D        | Killed a big kobold
   177 | D        | Arena points: 48 (+36) [x3]
   177 | D        | Reached skill level 7 in Long Blades
   177 | D        | Reached XP level 5. HP: 35/49 MP: 5/5
   201 | D        | Round 3.
   213 | D        | Reached **** piety under Trog
   213 | D        | Reached skill level 8 in Long Blades
   243 | D        | Noticed a gargoyle
   260 | D        | Killed a gargoyle
   260 | D        | Reached skill level 10 in Fighting
   260 | D        | Reached skill level 10 in Long Blades
   260 | D        | Reached skill level 5 in Throwing
   260 | D        | Reached skill level 5 in Dodging
   260 | D        | Reached XP level 6. HP: 46/60 MP: 6/6
   260 | D        | Reached XP level 7. HP: 51/66 MP: 7/7
   277 | D        | Reached skill level 11 in Long Blades
   303 | D        | Received a gift from Trog
   303 | D        | Arena points: 132 (+84) [x4]
   340 | D        | Round 4.
   461 | D        | Received a gift from Trog
   467 | D        | Reached ***** piety under Trog
   467 | D        | Received a gift from Trog
   467 | D        | Reached skill level 12 in Long Blades
   467 | D        | Reached XP level 8. HP: 75/75 MP: 8/8
   482 | D        | Arena points: 292 (+160) [x5]
   515 | D        | Round 5.
   521 | D        | Noticed a witch
   522 | D        | Noticed a bog body
   545 | D        | Killed a bog body
   552 | D        | Noticed a swamp dragon
   563 | D        | Killed a witch
   563 | D        | Arena points: 572 (+280) [x7]
   563 | D        | Reached skill level 13 in Long Blades
   563 | D        | Reached skill level 10 in Armour
   563 | D        | Reached skill level 1 in Stealth
   564 | D        | Got a decaying rune of Zot
   609 | D        | Bought 4 potions of curing for 84 gold pieces
   609 | D        | Bought 3 potions of heal wounds for 105 gold pieces
   632 | D        | Bought 2 rations for 40 gold pieces
   647 | D        | Reached skill level 1 in Unarmed Combat
   647 | D        | Reached XP level 9. HP: 83/83 MP: 8/10
   696 | D        | Round 6.
   704 | D        | Received a gift from Trog
   704 | D        | Reached XP level 10. HP: 81/90 MP: 11/11
   714 | D        | Reached skill level 14 in Long Blades
   716 | D        | Received a gift from Trog
   737 | D        | Received a gift from Trog
   771 | D        | Arena points: 956 (+384) [x8]
   816 | D        | Round 7.
   850 | D        | Noticed a spiny frog
   860 | D        | Killed a spiny frog
   860 | D        | Reached skill level 15 in Long Blades
   861 | D        | HP: 3/92 [poisoned by a spiny frog]
   862 | D        | HP: 1/92 [poisoned by a spiny frog]
   882 | D        | Noticed a catoblepas
   894 | D        | Slain by a catoblepas

Skill      XL: |  1  2  3  4  5  6  7  8  9 10 |
---------------+-------------------------------+-----
Fighting       | 5 6 7 10 11 12 13 | 13.5
Long Blades    | 5 7 10 12 13 15 | 15.1
Throwing       | 2 3 4 5 6 7 9 |  9.9
Armour         | 3 4 6 8 10 12 | 12.7
Dodging        | 3 4 5 6 7 8 |  8.2
Stealth        | 2 |  2.5
Unarmed Combat | 1 |  1.6
Evocations     | 2 |  2.8

Action                   |  1- 3 |  4- 6 |  7- 9 | 10-12 || total
-------------------------+-------+-------+-------+-------++-------
Melee: Falchion          |    21 |    37 |    58 |    30 ||   146
       Scimitar          |       |       |       |    20 ||    20
       Punch             |       |       |       |     1 ||     1
Throw: Javelin           |       |       |    12 |    20 ||    32
Invok: Berserk           |     1 |     1 |     1 |       ||     3
       Trog's Hand       |       |     1 |     1 |     2 ||     4
       Brothers in Arms  |       |       |     3 |     2 ||     5
 Abil: Hop               |       |       |     1 |       ||     1
Evoke: Wand              |       |       |     2 |       ||     2
  Use: Potion            |       |       |     3 |     3 ||     6
  Eat: Chunk             |       |       |     1 |     2 ||     3
       Ration            |       |       |     1 |       ||     1
Armor: Animal skin       |     1 |       |       |       ||     1
       Scale mail        |       |     7 |    23 |    11 ||    41
Dodge: Dodged            |    13 |    15 |    48 |    27 ||   103
       Rpst.: Falchion   |     4 |     5 |    18 |     5 ||    32
       Scimitar          |       |       |       |     4 ||     4
